Map: Hard Lead LE

Players

A.I. 1 (Very Easy) - Winner!

  • Race: Zerg Zerg
  • Spawn Location: 5:00

llllllllllll

  • Race: Protoss Protoss
  • League: Master
  • Spawn Location: 11:00

VOD

https://www.youtube.com/watch?v=nquwO64rHZA&ab_channel=HuShangTutorials

Description

Fast Glaives Attack after a voidray to deny scouting

Time

  • Played on: Jan. 5, 2024, 2:45 p.m.
  • Length: 6:07
Show
View Real Time Build Order
Export as new Build Order

A.I. 1 (Very Easy) Zerg - Winner!

Build Orders: Hatch First 

Get SALT Encoding   

  12  0:00  Drone  
  13  0:12  Overlord  
  13  0:16  Drone  
  14  0:42  Hatchery  
  13  0:45  Drone  
  14  1:04  Spawning Pool  
  13  1:05  Extractor  
  13  1:07  Drone  
  13  1:15  Drone  
  14  1:19  Overlord  
  14  1:51  Zergling x2, Queen  
  14  1:53  Zergling x2  
  18  1:59  Roach Warren  
  17  2:04  Drone  
  18  2:08  Extractor  
  18  2:12  Drone  
  18  2:17  Zergling x2  
  18  2:22  Drone  
  20  2:29  Drone  
  21  2:36  Drone  
  22  2:44  Drone  
  23  2:51  Drone  
  24  2:58  Drone  
  25  3:00  Lair  
  24  3:27  Drone  
  25  3:34  Drone  
  25  3:38  Zergling x2  
  27  3:41  Drone  
  27  3:45  Overlord  
  28  3:49  Drone  
  29  3:56  Drone  
  29  4:02  Spire  
  29  4:03  Drone  
  29  4:08  Overseer  
  30  4:11  Drone  
  30  4:14  Overseer  
  31  4:18  Drone  
  32  4:25  Drone  
  32  4:27  Overlord  
  33  4:32  Drone  
  34  4:39  Drone  
  35  4:47  Drone  
  36  4:53  Extractor  
  36  4:54  Drone  
  36  5:01  Drone  
  36  5:02  Extractor  
  36  5:08  Drone  
  36  5:13  Mutalisk  
  39  5:15  Drone  
  40  5:22  Drone  
  41  5:30  Drone  
  41  5:34  Overlord  
  39  5:37  Drone  
  39  5:42  Roach  
  42  5:44  Drone  
  30  5:51  Drone  
Show
View Real Time Build Order
Export as new Build Order

llllllllllll Protoss 

Build Orders: 1 Gate Expand 

Get SALT Encoding   

  12  0:00  Probe  
  13  0:12  Probe  
  14  0:20  Pylon  
  14  0:24  Probe  
  15  0:38  Probe (Chrono Boost)  
  15  0:40  Gateway  
  16  0:45  Assimilator  
  16  0:50  Probe (Chrono Boost)  
  17  0:59  Probe (Chrono Boost)  
  18  1:04  Probe (Chrono Boost)  
  19  1:16  Probe (Chrono Boost)  
  20  1:22  Probe (Chrono Boost)  
  21  1:27  Nexus  
  21  1:37  Cybernetics Core  
  21  1:42  Assimilator  
  21  1:45  Probe  
  22  1:55  Pylon  
  22  1:57  Probe  
  23  2:11  Adept (Chrono Boost)  
  23  2:13  Probe  
  26  2:18  Stargate  
  26  2:25  Probe  
  26  2:26  Warp Gate  
  27  2:34  Adept  
  29  2:37  Probe  
  29  2:39  Probe  
  31  2:49  Probe  
  32  2:51  Probe  
  33  3:01  Probe  
  33  3:03  Probe  
  33  3:05  Void Ray (Chrono Boost)  
  39  3:13  Probe  
  39  3:15  Probe  
  41  3:23  Twilight Council  
  41  3:25  Probe  
  42  3:28  Probe  
  42  3:30  Gateway  
  43  3:38  Probe  
  43  3:40  Probe  
  45  3:46  Gateway x2  
  45  3:50  Resonating Glaives (Chrono Boost)  
  45  3:51  Pylon  
  45  3:55  Probe  
  46  4:03  Nexus  
  46  4:09  Probe  
  48  4:10  Probe  
  48  4:13  Pylon  
  48  4:21  Adept  
  48  4:22  Probe x2  
  52  4:24  Pylon  
  52  4:25  Adept  
  54  4:34  Probe x2  
  54  4:36  Pylon  
  56  4:46  Adept x4  
  56  4:48  Probe x2  
  56  4:52  Assimilator  
  66  4:54  Assimilator  
  66  5:00  Probe x2  
  66  5:06  Adept x4  
  76  5:12  Probe x2  
  78  5:15  Probe  
  79  5:24  Robotics Facility, Probe x2  
  79  5:26  Forge  
  81  5:29  Probe  
  82  5:36  Sentry x3, Probe x2  
  82  5:40  Sentry  
  82  5:41  Probe  
  93  5:48  Pylon  
  93  5:51  Pylon  
  93  5:58  Shield Battery  
Tags
 
Add a new tag
Caveats
  • Supply blocks, unpowered buildings, or Contaminate may cause inaccurate times.
  • Supply counts are checked every 10 seconds.